 Dungeon Crawl Stone Soup version 0.23-a0-143-g1adec7bb76 (webtiles) character file.

226 Napalmbreeze the Skirmisher (level 6, 0/39 HPs)
             Began as a Gargoyle Gladiator on Sept 4, 2018.
             Slain by Prince Ribbit (2 damage)
             ... on level 6 of the Dungeon.
             The game lasted 00:03:51 (2042 turns).

Napalmbreeze the Skirmisher (Gargoyle Gladiator)    Turns: 2042, Time: 00:03:52

Health: 0/39       AC: 14    Str: 18    XL:     6   Next: 1%
Magic:  6/6        EV: 11    Int:  8    God:
Gold:   44         SH:  0    Dex: 13    Spells: 5/5 levels left

rFire    . . .     SeeInvis .   n - +4 quarterstaff (chaos)
rCold    . . .     Gourm    .   (shield currently unavailable)
rNeg     + . .     Faith    .   e - +0 scale mail
rPois    ∞         Spirit   .   c - +0 helmet
rElec    +         Reflect  .   o - +0 cloak
rCorr    .         Harm     .   p - +0 pair of gloves
MR       .....                  (no boots)
Stlth    ..........             (no amulet)
HPRegen  0.13/turn              (no ring)
MPRegen  0.10/turn              (no ring)

@: flying
A: negative energy resistance 1, electricity resistance, unbreathing,
petrification resistance, rot immunity, AC +4
a: no special abilities


You were on level 6 of the Dungeon.
You were very hungry.

You visited 1 branch of the dungeon, and saw 4 of its levels.

You collected 44 gold pieces.

Inventory:

Hand Weapons
 a - a +0 flail
 n - a +4 quarterstaff of chaos (weapon)
Missiles
 d - 4 throwing nets (quivered)
Armour
 c - a +0 helmet (worn)
 e - a +0 scale mail (worn)
 o - a +0 cloak (worn)
 p - a +0 pair of gloves (worn)
Jewellery
 m - an uncursed ring of protection from magic
 q - an uncursed ring of poison resistance {unknown}
Scrolls
 g - 5 scrolls of identify
 k - a scroll of random uselessness {unknown}
 l - 2 scrolls of blinking {unknown}
Potions
 b - a potion of flight
 h - a potion of brilliance {unknown}
 i - 2 potions of degeneration {unknown}
 j - a potion of lignification {unknown}
 r - a potion of agility {unknown}
Comestibles
 f - 10 rations


   Skills:
 * Level 4.4 Fighting
 + Level 3.9 Maces & Flails
 - Level 1.7 Throwing
 + Level 2.4 Armour
 + Level 3.2 Dodging


You had 5 spell levels left.
You didn't know any spells.
Your spell library was empty.

Dungeon Overview and Level Annotations

Branches:
Dungeon (3/15)

Altars:
Elyvilon
Ru

Annotations:
D:6 Prince Ribbit


Innate Abilities, Weirdness & Mutations

You are resistant to torment.
Your stone body is resilient. (AC +4)
You are immune to poison.
You resist negative energy. (rN+)
You are resistant to electric shocks. (rElec)
You can survive without breathing.
You are immune to petrification.
You are immune to rotting.


Message History

Prince Ribbit closely misses you. The orc hits you but does no damage.
The worker ant bites you but does no damage.
Unknown command.
You sock the orc!
You kill the orc!
The worker ant misses you. Prince Ribbit hits you!
* * * LOW HITPOINT WARNING * * *
The orc priest casts a cantrip, but nothing happens.
The worker ant barely misses you.
As you read the scroll labeled HACKEH ARE, it crumbles to dust.
It is a scroll of identify.
m - an uncursed ring of protection from magic Prince Ribbit hits you but does no damage.
The worker ant barely misses you. Prince Ribbit completely misses you.
It was a potion of flight.
You feel very buoyant.
You fly up into the air.
The worker ant closely misses you.
The worker ant bites you but does no damage.
Prince Ribbit hits you.
You die...

### ..# #.# ## #F#
.# #.#
.######.##########
.......o.ooYoOsaF#
#######o########@#
...# #o# ..oO##
#o# ...... #.#
...... ... ...o..
... ..... ...
%....


You could see Prince Ribbit, an ice beast, an ogre, a scorpion, a worker ant, 2
orc priests and 3 orcs.

Vanquished Creatures
  2 orc wizards (D:6)
  Crazy Yiuf (D:2)
  3 gnolls (D:3)
  3 adders
  A shadow imp (D:6)
  An ooze (D:3)
  3 worms (D:3)
  A dart slug (D:2)
  A leopard gecko (D:1)
  2 orcs
  A ball python (D:6)
  9 hobgoblins
  8 jackals
  8 kobolds
  A quokka (D:3)
  14 bats
  3 frilled lizards
  2 goblins
  5 rats
69 creatures vanquished.

Notes
Turn   | Place    | Note
-------+----------+-------------------------------------------
     0 | D:1      | Napalmbreeze the Gargoyle Gladiator began the quest for the
                  | Orb.
     0 | D:1      | Reached XP level 1. HP: 12/12 MP: 1/1
    54 | D:1      | Reached XP level 2. HP: 2/18 MP: 2/2
   544 | D:1      | Reached skill level 1 in Armour
   563 | D:1      | Reached XP level 3. HP: 21/22 MP: 3/3
   752 | D:2      | Reached skill level 3 in Fighting
   804 | D:2      | Found a white marble altar of Elyvilon.
  1068 | D:2      | Found a runed door.
  1156 | D:2      | Reached XP level 4. HP: 26/28 MP: 4/4
  1212 | D:2      | Noticed Crazy Yiuf
  1219 | D:2      | Killed Crazy Yiuf
  1582 | D:3      | Reached XP level 5. HP: 27/33 MP: 5/5
  1890 | D:3      | Reached skill level 4 in Fighting
  1943 | D:3      | You fall through a shaft for 3 floors!
  1947 | D:6      | Found a sacrificial altar of Ru.
  1974 | D:6      | Noticed an ice beast
  1975 | D:6      | Noticed an orc warrior
  2021 | D:6      | Noticed Prince Ribbit
  2022 | D:6      | Noticed an ogre
  2037 | D:6      | Reached XP level 6. HP: 17/39 MP: 6/6
  2042 | D:6      | Slain by Prince Ribbit

Vault maps used:
D:1:      dpeg_arrival_oval
D:2:      elyvilon_altar_5, uniq_crazy_yiuf_cottage
D:6:      kennysheep_little_box, nicolae_ru_great_annihilating_truth,
          grunt_gozag_statues, uniq_prince_ribbit1

Skill      XL: |  1  2  3  4  5 |
---------------+----------------+-----
Armour         | 1 2 |  2.4
Fighting       | 3 4 |  4.4
Dodging        | 3 |  3.2
Maces & Flails | |  3.9
Throwing       | |  1.7

Action                   |  1- 3 |  4- 6 || total
-------------------------+-------+-------++-------
Melee: Flail             |   154 |     8 ||   162
       Quarterstaff      |       |    66 ||    66
  Use: Scroll            |       |     1 ||     1
       Potion            |       |     1 ||     1
 Stab: Paralysed         |       |     2 ||     2
  Eat: Chunk             |     1 |     2 ||     3
Armor: Scale mail        |   164 |    60 ||   224
Dodge: Dodged            |   156 |    57 ||   213

Table legend:
 A = Non-vault XP
 B = Vault XP
 C = Vault XP percentage of total XP
 D = Non-vault monster count
 E = Vault monster count
 F = Vault count percentage of total count
                 A         B        C        D         E       F
            +---------+---------+-------+---------+---------+-------
      Total |     237 |      87 |  26.9 |      64 |       5 |   7.2
            +---------+---------+-------+---------+---------+-------
        D:1 |      36 |       0 |   0.0 |      23 |       0 |   0.0
        D:2 |      56 |      40 |  41.7 |      18 |       1 |   5.3
        D:3 |      96 |       0 |   0.0 |      20 |       0 |   0.0
        D:6 |      49 |      47 |  49.0 |       3 |       4 |  57.1
            +---------+---------+-------+---------+---------+-------
